AoeStats
← masterbaiter

Arabia

511474019Analyzed
4v4 RM · 13d ago on Oct 5, 2026· 18m 20s· 8 players
Game mode
Random Map
Map size
Large (8 player)
Population
200
Speed
Normal
Resources
Standard
Victory
Conquest
Starting age
Dark Age
Ending age
Imperial Age
RankedLock teamsTeams togetherTeam positionsShared explorationLock speedFull tech treeHidden civsTurbo modeCheats
Victory
Defeat
🇦🇷 Mongols · Argentina
1227
+15
🇫🇷 Magyars · France
1211
+16
🇲🇽 Saracens · Mexico
1141
+19
🇵🇪 Ethiopians · Peru
1126
+18
vs
🇮🇳 Vietnamese · India
1251
-19
🇭🇰 Romans · Hong Kong SAR China
1206
-17
🇵🇰 Ethiopians · Pakistan
1184
-16
🇲🇽 Khmer · Mexico
1175
-16
khamz
Sonaron Disparos
8:07 Feudal Age
8:38 Double-Bit Axe
13:56 Forging
14:52 Scale Barding Armor
17:23 Bloodlines
Taki Taki
5:48 Loom
12:48 Feudal Age
14:44 Double-Bit Axe
14:41 Horse Collar
Sirius
8:46 Loom
11:45 Feudal Age
15:29 Scale Mail Armor
15:01 Man-at-Arms
Cryptomage
7:27 Loom
9:45 Feudal Age
13:33 Scale Barding Armor
15:03 Horse Collar
masterbaiter
10:05 Feudal Age
12:30 Loom
15:12 Castle Age
13:31 Horse Collar
15:16 Double-Bit Axe
17:07 Bow Saw
PilotePSP
0:27 Loom
14:26 Feudal Age
17:40 Fletching
oOoOo_oO
11:24 Feudal Age
12:33 Loom
16:07 Castle Age
14:46 Double-Bit Axe
Connection lost

Rejoining the realm…

Still unreachable

The connection could not be restored.

Session expired

The server has moved on; the page needs a fresh start.